[Event "Early-Titled-Tuesday-Blitz-October-03-2023"]
[Site "Chess.com"]
[Date "2023.10.03"]
[Round "1"]
[White "Predator0608"]
[Black "DenLaz"]
[Result "0-1"]
[WhiteElo "2512"]
[BlackElo "3067"]
[TimeControl "180+1"]
[EndTime "8:06:17 PDT"]
[Termination "DenLaz won by resignation"]

1. e4 c5 2. Nf3 e6 3. d4 cxd4 4. Nxd4 Nc6 5. Nc3 Qc7 6. Be3 a6 7. Na4 Nf6 8. Nxc6 bxc6 9. Nb6 Rb8 10. Nxc8 Rxc8 11. Qd4 Bd6 12. c3 Be5 13. Qa4 Rb8 14. O-O-O O-O 15. Be2 d5 16. exd5 cxd5 17. Bd4 Bxd4 18.
Rxd4 Ne4 19. Rxe4 dxe4 20. Qxe4 Qb6 21. b3 Rfd8 22. Bd3 g6 23. h4 Qc5 24. Kb2 Qxf2+ 25.
Bc2 Rd2 26. Rc1 Rbd8 27. h5 Re2 28. Qb4 Rdd2 29. Qb8+ Kg7 30. h6+ Kxh6 31. Rh1+ Kg7 0-1

[Event "Early-Titled-Tuesday-Blitz-October-03-2023"]
[Site "Chess.com"]
[Date "2023.10.03"]
[Round "1"]
[White "jaskol95"]
[Black "InitiatingASC"]
[Result "1-0"]
[WhiteElo "2630"]
[BlackElo "2327"]
[TimeControl "180+1"]
[EndTime "8:06:17 PDT"]
[Termination "jaskol95 won by resignation"]

1. d4 d5 2. Nc3 c5 3. e4 cxd4 4.
Qxd4 dxe4 5. Qxd8+ Kxd8 6. Nxe4 Bf5 7. Bd3 e6 8. Bf4 Bb4+ 9. c3 Be7 10. O-O-O Ke8 11.
Nf3 Nc6 12. Rhe1 Rd8 13. Bc2 Bg4 14. Rxd8+ Nxd8 15. Ne5 Bf5 16. Ba4+ Kf8 17. Nd7+ Ke8 18. Nd6+ Bxd6 19. Bxd6 Nc6 20. Ne5 Ne7 21. Rd1 f6 22. Bxe7 Kxe7 23. Rd7+ Ke8 24. Rxb7 fxe5 25. Bxc6+ Kd8 26.
Rb8+ Kc7 27. Rxh8 Kxc6 28. Kd2 1-0

[Event "Early-Titled-Tuesday-Blitz-October-03-2023"]
[Site "Chess.com"]
[Date "2023.10.03"]
[Round "1"]
[White "Hasangatin_Ramil"]
[Black "pasteta13"]
[Result "1/2-1/2"]
[WhiteElo "2728"]
[BlackElo "2427"]
[TimeControl "180+1"]
[EndTime "8:06:18 PDT"]
[Termination "Game drawn by repetition"]

1. e4 c5 2. Nf3 g6 3. Bc4 Bg7 4. O-O Nc6 5. c3 e6 6. d4 cxd4 7. cxd4 d5 8. exd5 exd5 9. Bb5 Ne7 10. Bg5 O-O 11. Bxc6 bxc6 12. Nbd2 Qd6 13. Nb3 Nf5 14. Qd2 a5 15. Bf4 Qb4 16. Qxb4 axb4 17. Rfc1 Ba6 18. g4 Be2 19. gxf5 Bxf3 20. Rxc6 gxf5 21. Be5 Rfe8 22. Bxg7 Kxg7 23. Rc2 Kf6 24. Nc5 Re7 25. h4 Rg8+ 26. Kh2 Rg4 27. Kh3 Bg2+ 28. Kh2 Bf3 29. Kh3 Bg2+ 30.
Kh2 Bf3 1/2-1/2

[Event "Early-Titled-Tuesday-Blitz-October-03-2023"]
[Site "Chess.com"]
[Date "2023.10.03"]
[Round "1"]
[White "tylityli"]
[Black "Kostya0705"]
[Result "0-1"]
[WhiteElo "2336"]
[BlackElo "2637"]
[TimeControl "180+1"]
[EndTime "8:06:20 PDT"]
[Termination "Kostya0705 won on time"]

1. d4 Nf6 2. c4 e6 3. Nc3 Bb4 4.
e3 O-O 5. Ne2 b6 6. a3 Be7 7. d5 d6 8. g3 e5 9. Bg2 Nfd7 10.
O-O f5 11. f4 e4 12. Nd4 Nc5 13. b4 Nd3 14. Bd2 Bf6 15. Ne6 Bxe6 16. dxe6 c6 17.
Nxe4 Bxa1 18. Qxa1 fxe4 19. Bxe4 Qf6 20. Qxf6 Rxf6 21.
Bxd3 Rxe6 22. e4 Nd7 23. Bc3 Nf6 24. e5 dxe5 25. Bf5 Re7 26. fxe5 Nd7 27. e6 Nf8 28.
Be5 Nxe6 29. Bd6 Ree8 30. Be4 Nd4 31. Bg2 Rad8 32. c5 Re3 33. Rd1 Nf5 0-1

[Event "Early-Titled-Tuesday-Blitz-October-03-2023"]
[Site "Chess.com"]
[Date "2023.10.03"]
[Round "1"]
[White "wannabe2700"]
[Black "stepanosinovsky"]
[Result "1-0"]
[WhiteElo "2678"]
[BlackElo "2372"]
[TimeControl "180+1"]
[EndTime "8:06:21 PDT"]
[Termination "wannabe2700 won on time"]

1. b3 Nf6 2. Bb2 g6 3. Nf3 Bg7 4. g3 O-O 5. Bg2 d6 6. d4 e5 7. dxe5 Ng4 8. O-O Nc6 9. c4 Ngxe5 10. Nxe5 Nxe5 11. Nc3 h5 12. Qd2 h4 13. Rad1 Bg4 14. Bxb7 Bh3 15. Bg2 Qc8 16. Nd5 Qg4 17. f3 Qd7 18. f4 Bxg2 19. Kxg2 Ng4 20. h3 Nh6 21. e4 Rae8 22. f5 Rxe4 23. f6 Rfe8 24.
fxg7 Qc6 25. Qxh6 Re2+ 26. Kg1 Qc5+ 27. Bd4 1-0

[Event "Early-Titled-Tuesday-Blitz-October-03-2023"]
[Site "Chess.com"]
[Date "2023.10.03"]
[Round "1"]
[White "juancruzarias"]
[Black "Trovita84"]
[Result "1-0"]
[WhiteElo "2629"]
[BlackElo "2322"]
[TimeControl "180+1"]
[EndTime "8:06:21 PDT"]
[Termination "juancruzarias won on time"]

1. d4 Nf6 2. c3 e6 3. Nd2 d5 4.
Ngf3 Bd6 5. e3 O-O 6. Bd3 Nbd7 7.
O-O e5 8. e4 dxe4 9. Nxe4 Nxe4 10. Bxe4 exd4 11. Qxd4 h6 12. h3 Nf6 13. Bc2 Be6 14. Rd1 Qe7 15. Qh4 Nd5 16. Qe4 Nf6 17. Qh4 Nd5 18. Qe4 Nf6 19. Qa4 c6 20. Qh4 Nd5 21. Qe4 Nf6 22. Qe2 Qc7 23. Be3 Rfe8 24. Qd2 Bf8 25. Nd4 Bd5 26. Nf5 Ne4 27. Qe2 Rad8 28. c4 g6 29. Nh4 g5 30. Nf5 Qe5 31. Nxh6+ Bxh6 32. cxd5 cxd5 33. Qh5 1-0

[Event "Early-Titled-Tuesday-Blitz-October-03-2023"]
[Site "Chess.com"]
[Date "2023.10.03"]
[Round "1"]
[White "MrVenky"]
[Black "Henryk_S"]
[Result "1-0"]
[WhiteElo "2548"]
[BlackElo "2150"]
[TimeControl "180+1"]
[EndTime "8:06:21 PDT"]
[Termination "MrVenky won by resignation"]

1. e4 e6 2. d4 d5 3. Nd2 c5 4. Ngf3 Nc6 5. exd5 exd5 6. Bb5 Bd6 7. O-O cxd4 8.
Nxd4 Bxh2+ 9. Kxh2 Qh4+ 10. Kg1 Qxd4 11. Re1+ Ne7 12. Bxc6+ bxc6 13. Qe2 Qf6 14. Nf3 h6 15. Bd2 Bg4 16. Bb4 Be6 17. Ne5 O-O 18. Nd7 Bxd7 19.
Bxe7 Qxb2 20. Bxf8 Rxf8 21. a4 Be6 22. a5 Qb5 23.
Qe3 a6 24. Reb1 Qc4 25. Rb6 d4 26. Qd3 Qd5 27. Rxa6 Bf5 28. Qd2 d3 29. cxd3 Bxd3 30. Rb6 Re8 31. Rd1 Qc5 32. Qxd3 Qxa5 33. Rxc6 1-0

[Event "Early-Titled-Tuesday-Blitz-October-03-2023"]
[Site "Chess.com"]
[Date "2023.10.03"]
[Round "1"]
[White "Man-Chuk"]
[Black "Tsyhanchuk_Stanislav"]
[Result "1-0"]
[WhiteElo "2811"]
[BlackElo "2456"]
[TimeControl "180+1"]
[EndTime "8:06:23 PDT"]
[Termination "Man-Chuk won by resignation"]

1. d4 Nf6 2. c4 e6 3. Nf3 d5 4.
Nc3 a6 5. cxd5 exd5 6. Bg5 Be7 7. e3 O-O 8. Bd3 Nbd7 9. Qc2 h6 10. Bf4 c5 11.
dxc5 Nxc5 12. O-O b5 13. Nd4 Bd6 14. Nce2 Nfe4 15. Rac1 Bb7 16. Bxe4 Nxe4 17. Bxd6 Qxd6 18. Qc7 Qxc7 19. Rxc7 Rab8 20. Rfc1 Rfc8 21. Nf5 Kf8 22. f3 Nd2 23. b3 Rxc7 24. Rxc7 Ba8 25. Nd6 f6 26.
Nd4 Rd8 27. Ne6+ 1-0

[Event "Early-Titled-Tuesday-Blitz-October-03-2023"]
[Site "Chess.com"]
[Date "2023.10.03"]
[Round "1"]
[White "mapleaff"]
[Black "sonicdravise"]
[Result "0-1"]
[WhiteElo "2362"]
[BlackElo "2662"]
[TimeControl "180+1"]
[EndTime "8:06:25 PDT"]
[Termination "sonicdravise won on time"]

1. e4 g6 2. d4 Bg7 3. f4 d6 4.
Nf3 a6 5. Bd3 Nd7 6. O-O Ngf6 7.
e5 Nd5 8. c4 Nb4 9. Be2 dxe5 10. fxe5 O-O 11. Nc3 c5 12. Be3 cxd4 13. Bxd4 Nc6 14.
e6 Nxd4 15. Nxd4 Qb6 16. exd7 Qxd4+ 17. Kh1 Qxd7 18. Qc2 e6 19. Bf3 Qc7 20. b3 Bd7 21.
Rad1 Rac8 22. Ne4 Bc6 23. c5 Rfd8 24. Nd6 Bxf3 25. gxf3 Rxd6 26. Rxd6 Qxd6 27. cxd6 Rxc2 28. Rd1 Rc8 29. d7 Rd8 30. Kg2 Kf8 0-1

[Event "Early-Titled-Tuesday-Blitz-October-03-2023"]
[Site "Chess.com"]
[Date "2023.10.03"]
[Round "1"]
[White "Rodalquilar"]
[Black "colegiodemadrid"]
[Result "1-0"]
[WhiteElo "2725"]
[BlackElo "2404"]
[TimeControl "180+1"]
[EndTime "8:06:26 PDT"]
[Termination "Rodalquilar won on time"]

1. d4 Nf6 2. Nf3 g6 3. Bf4 Bg7 4. e3 O-O 5. Be2 d6 6. O-O c5 7.
c3 Be6 8. dxc5 dxc5 9. Nbd2 Nc6 10. h3 Qd7 11. Qc2 Rfd8 12. Rfd1 h6 13. Nb3 Bxb3 14. Qxb3 Qc8 15. Rxd8+ Nxd8 16. Bc4 e6 17. Ne5 g5 18. Bh2 Ne4 19. Rd1 Nc6 20. Nxc6 Qxc6 21. f3 Nf6 22. Rd6 Qc8 23. a4 Bf8 24. Rxe6 Qd8 25. Re5 Qd2 26. Bg3 Bd6 27. Qxb7 Rf8 28. Kh2 Nh5 29. Qe4 Bxe5 30. Bxe5 1-0

[Event "Early-Titled-Tuesday-Blitz-October-03-2023"]
[Site "Chess.com"]
[Date "2023.10.03"]
[Round "1"]
[White "soumeow"]
[Black "NovoselovRoman"]
[Result "0-1"]
[WhiteElo "2245"]
[BlackElo "2595"]
[TimeControl "180+1"]
[EndTime "8:06:26 PDT"]
[Termination "NovoselovRoman won on time"]

1. e4 d5 2. exd5 Qxd5 3. Nc3 Qd6 4. d4 Nf6 5. Nf3 c6 6. Ne5 Nbd7 7. Bf4 Nxe5 8. Bxe5 Qd8 9. Bc4 Bf5 10. Qe2 e6 11. h3 Bb4 12. a3 Ba5 13. b4 Bc7 14.
O-O O-O 15. Rfd1 Nd5 16. Na2 Bxe5 17. dxe5 Qg5 18. Kh2 Nf4 19. Qf3 Bxc2 20. Re1 Ng6 21. Qg3 Qxg3+ 22. Kxg3 Rfd8 23. f4 Rd2 24. Nc3 Rad8 25.
Re2 Ne7 26. Rxd2 Rxd2 27. Rc1 Nf5+ 28. Kh2 Ne3 29. Bf1 h5 30. Kg1 h4 31. Nb1 Bxb1 32. Rxb1 Nd5 33. Bc4 Nxf4 0-1

[Event "Early-Titled-Tuesday-Blitz-October-03-2023"]
[Site "Chess.com"]
[Date "2023.10.03"]
[Round "1"]
[White "Vaathi_Coming"]
[Black "Schattman"]
[Result "1-0"]
[WhiteElo "2860"]
[BlackElo "2480"]
[TimeControl "180+1"]
[EndTime "8:06:27 PDT"]
[Termination "Vaathi_Coming won on time"]

1. c4 g6 2. Nc3 c5 3. g3 Nc6 4.
Bg2 Bg7 5. e3 e6 6. Nge2 Nge7 7.
d4 cxd4 8. exd4 d5 9. cxd5 Nxd5 10. h4 h5 11. Bg5 Qb6 12. O-O O-O 13. Na4 Qa5 14. a3 b6 15. b4 Qb5 16. Nac3 Nxc3 17. Nxc3 Qc4 18. Rc1 Bb7 19. Ne4 Qxd4 20. Nd6 Ba6 21.
b5 Qxd1 22. Rcxd1 Nd4 23. bxa6 Rab8 24. Be7 Nf5 25. Nxf5 gxf5 26. Bxf8 Bxf8 27. Rd7 Bc5 28. Rxa7 Rd8 29. Ra8 1-0

[Event "Early-Titled-Tuesday-Blitz-October-03-2023"]
[Site "Chess.com"]
[Date "2023.10.03"]
[Round "1"]
[White "GiorgianBarbosa"]
[Black "Aradhya2000"]
[Result "0-1"]
[WhiteElo "2387"]
[BlackElo "2692"]
[TimeControl "180+1"]
[EndTime "8:06:28 PDT"]
[Termination "Aradhya2000 won by checkmate"]

1. c4 e6 2. g3 d5 3. Bg2 Nf6 4.
Nf3 d4 5. O-O c5 6. e3 Nc6 7.
exd4 cxd4 8. d3 Be7 9. Bf4 O-O 10. Nbd2 Nd7 11. Re1 a5 12. Ne4 e5 13. Bg5 f6 14.
Bc1 f5 15. Ned2 Bf6 16. h4 a4 17. Rb1 Nc5 18. Bf1 Re8 19. b4 axb3 20. axb3 e4 21. dxe4 Nxe4 22. Nxe4 fxe4 23. Ng5 Bf5 24. Bg2 Bxg5 25.
Bxg5 Qd7 26. b4 e3 27. fxe3 Bxb1 28. Qxb1 Kh8 29. b5 Ne5 30. Bd5 Qg4 31. Bf4 Ng6 32.
Bxb7 Nxf4 33. exf4 Qxg3+ 34. Bg2 Rxe1+ 35. Qxe1 Qxe1+ 36. Kh2 Qxh4+ 37. Bh3 Ra2+ 38. Kg1 Qf2+ 39. Kh1 Qh2# 0-1

[Event "Early-Titled-Tuesday-Blitz-October-03-2023"]
[Site "Chess.com"]
[Date "2023.10.03"]
[Round "1"]
[White "vladgoncharov"]
[Black "Nbk90"]
[Result "0-1"]
[WhiteElo "2520"]
[BlackElo "2118"]
[TimeControl "180+1"]
[EndTime "8:06:28 PDT"]
[Termination "Nbk90 won by resignation"]

1. d4 Nf6 2. c4 g6 3. Nc3 Bg7 4. Nf3 O-O 5. Bg5 d6 6. e3 h6 7. Bh4 Nbd7 8. Be2 e5 9. Qc2 c6 10. O-O Qc7 11. Rfd1 g5 12. Bg3 Nh5 13. dxe5 Nxg3 14.
hxg3 dxe5 15. Nd2 Nc5 16. b4 Ne6 17. g4 a5 18. a3 Rd8 19. Nde4 axb4 20. axb4 Rxa1 21.
Rxa1 Qe7 22. c5 Nc7 23. Rd1 Nd5 24. Nxd5 cxd5 25. Nd6 Be6 26. f3 Qc7 27. Rc1 Bf8 28. Nf5 b6 29. Qa4 bxc5 30. bxc5 Bxc5 31. Kh1 Qa7 32. Qxa7 Bxa7 33. Nxh6+ Kg7 34. Nf5+ Bxf5 35. gxf5 Rh8+ 0-1

[Event "Early-Titled-Tuesday-Blitz-October-03-2023"]
[Site "Chess.com"]
[Date "2023.10.03"]
[Round "1"]
[White "LangesNasenhaar"]
[Black "scarabee43"]
[Result "0-1"]
[WhiteElo "2448"]
[BlackElo "2786"]
[TimeControl "180+1"]
[EndTime "8:06:29 PDT"]
[Termination "scarabee43 won by resignation"]

1. d4 Nf6 2. Nc3 d5 3. Bf4 c6 4. e3 Bf5 5. Nf3 e6 6. Ne5 Nbd7 7. g4 Bg6 8. h4 h5 9. Nxg6 fxg6 10. g5 Nh7 11. Bh3 Qe7 12. Qd3 Qf7 13. O-O-O Be7 14. Bg3 O-O 15. e4 Bb4 16. a3 Bxc3 17. Qxc3 Rfe8 18.
Rhe1 Nhf8 19. Re2 Nb6 20. b3 a5 21. a4 dxe4 22. Rxe4 Nd5 23. Qd3 b5 24. axb5 a4 25.
c4 Nb4 26. Qd2 axb3 27. Qxb4 Ra1+ 28. Kd2 Rxd1+ 29. Kxd1 Qf3+ 30. Re2 Ra8 31. Bf1 Qd3+ 32. Kc1 Ra1+ 33. Kb2 Ra2+ 34. Kc1 Rc2+ 0-1

[Event "Early-Titled-Tuesday-Blitz-October-03-2023"]
[Site "Chess.com"]
[Date "2023.10.03"]
[Round "1"]
[White "Korchmar_Vasiliy"]
[Black "wild3000"]
[Result "1-0"]
[WhiteElo "2693"]
[BlackElo "2388"]
[TimeControl "180+1"]
[EndTime "8:06:29 PDT"]
[Termination "Korchmar_Vasiliy won by resignation"]

1. e4 e5 2. Nf3 Nc6 3. Bc4 Be7 4.
O-O d6 5. Nc3 Nf6 6. a4 Bg4 7. h3 Bh5 8. g4 Bg6 9. d3 h5 10. g5 Nd7 11. h4 O-O 12. Ne2 Kh8 13. Ng3 f6 14. Kg2 Nb6 15. Bb3 a5 16. gxf6 gxf6 17. Bh6 Rg8 18. Bxg8 Qxg8 19. Kh2 Kh7 20. Qd2 Qe6 21. Rg1 Rg8 22. Be3 Nd7 23. d4 exd4 24. Nxd4 Nxd4 25. Bxd4 Ne5 26. Bxe5 fxe5 27.
Qe2 Bxh4 28. Nf5 Qf7 29. Nxh4 Qf4+ 30. Kh3 Bxe4 31. Qxh5+ Qh6 32. Qxh6+ Kxh6 33. Rxg8 1-0

[Event "Early-Titled-Tuesday-Blitz-October-03-2023"]
[Site "Chess.com"]
[Date "2023.10.03"]
[Round "1"]
[White "Zq1"]
[Black "IsaqueGoncalvesSanto"]
[Result "1-0"]
[WhiteElo "2522"]
[BlackElo "1879"]
[TimeControl "180+1"]
[EndTime "8:06:29 PDT"]
[Termination "Zq1 won by checkmate"]

1. d4 d5 2. c4 c6 3. e3 Nf6 4.
Nf3 Bf5 5. Bd3 Bxd3 6. Qxd3 e6 7.
O-O Nbd7 8. Nc3 Bb4 9. a3 Bxc3 10. bxc3 Ne4 11. a4 O-O 12. Ba3 Re8 13. Ne1 f5 14. Ra2 Nb6 15. cxd5 cxd5 16. f3 Nf6 17. a5 Nc4 18. a6 b6 19. Nc2 Rc8 20. Rb1 Qc7 21. Bc1 Qf7 22. Nb4 Qg6 23. Re2 Rc7 24. Bd2 Nxd2 25. Rxd2 Rec8 26. Rc2 Rc4 27. Qd2 Qe8 28. Nd3 Nd7 29. Nb2 R4c6 30. Rbc1 b5 31. Nd3 Rxa6 32. Nb4 Rb6 33. Ra2 Rc7 34. Rca1 Qb8 35. Na6 Rxa6 36. Rxa6 Nb6 37. e4 dxe4 38. fxe4 Na4 39. Qf4 Qc8 40. exf5 Qxa6 41. Rf1 Qc6 42. fxe6 Qxe6 43. Qf8# 1-0

[Event "Early-Titled-Tuesday-Blitz-October-03-2023"]
[Site "Chess.com"]
[Date "2023.10.03"]
[Round "1"]
[White "Flaccidmoves"]
[Black "Zohid6"]
[Result "0-1"]
[WhiteElo "2453"]
[BlackElo "2803"]
[TimeControl "180+1"]
[EndTime "8:06:31 PDT"]
[Termination "Zohid6 won by checkmate"]

1. c4 e5 2. g3 Nf6 3. Bg2 Nc6 4.
Nc3 Bc5 5. e3 d6 6. Nge2 O-O 7.
d4 Bb6 8. O-O Re8 9. h3 a6 10. a3 h5 11. b4 exd4 12. exd4 Ba7 13. Bg5 Qe7 14. Nf4 Bxd4 15. Ncd5 Qe5 16. Bxf6 gxf6 17. Ra2 Rf8 18. Nxh5 f5 19. Re2 Qh8 20. Ne7+ Nxe7 21. Rxe7 Be6 22. Bd5 Rae8 23. Rxc7 Bxd5 24.
cxd5 Re4 25. Qf3 Qe5 26. Kg2 Qxd5 27. Rd1 Qe5 28. Rxb7 Rc8 29. Rd2 Rc3 30. Qd1 Rxa3 31. Rd3 Ra2 32. Rf3 Ree2 33. Rb8+ Kh7 34. Qd3 Rxf2+ 35. Rxf2 Rxf2+ 36. Kh1 Qe1+ 37. Qf1 Qxf1# 0-1

[Event "Early-Titled-Tuesday-Blitz-October-03-2023"]
[Site "Chess.com"]
[Date "2023.10.03"]
[Round "1"]
[White "BeautiFullMindChess"]
[Black "Frolyanov_D"]
[Result "0-1"]
[WhiteElo "2367"]
[BlackElo "2673"]
[TimeControl "180+1"]
[EndTime "8:06:32 PDT"]
[Termination "Frolyanov_D won by resignation"]

1. e4 e5 2. Nf3 Nf6 3. Nxe5 d6 4. Nf3 Nxe4 5. d4 d5 6. Bd3 Bd6 7. O-O O-O 8. Nbd2 Bf5 9. Re1 Re8 10. Nf1 Nd7 11.
Ng3 Bg6 12. c3 c6 13. Be3 Qc7 14. Bf1 f5 15. Bc1 Ndf6 16. Nh4 Ng4 17. Re2 Nexf2 18. Rxf2 Bxg3 19. hxg3 Qxg3 20. Qxg4 Qxg4 21. Nf3 Re4 22. Bd2 Rae8 23. Bd3 f4 24. Ne5 R4xe5 25. Bxg6 hxg6 26. dxe5 g5 27. Re1 Qf5 28. Rfe2 g4 29. Rf1 f3 30. gxf3 gxf3 31. Ref2 Qg4+ 32. Kh2 Rxe5 33. Rxf3 Rh5+ 0-1

[Event "Early-Titled-Tuesday-Blitz-October-03-2023"]
[Site "Chess.com"]
[Date "2023.10.03"]
[Round "1"]
[White "Kaua18"]
[Black "sofaceindisguise"]
[Result "0-1"]
[WhiteElo "2440"]
[BlackElo "2776"]
[TimeControl "180+1"]
[EndTime "8:06:33 PDT"]
[Termination "sofaceindisguise won on time"]

1. e4 c5 2. Nf3 e6 3. g3 Nc6 4.
Bg2 Nf6 5. Qe2 d5 6. exd5 Nxd5 7. O-O Be7 8. Rd1 Nd4 9. Nxd4 cxd4 10. c4 Nf6 11. d3 O-O 12. Nd2 a5 13. Ne4 Nd7 14. Bf4 e5 15. Bd2 f5 16. f4 fxe4 17. Bxe4 exf4 18.
Bxf4 Bg5 19. Qh5 h6 20. Qg6 Nf6 21. Bxg5 hxg5 22. Bg2 a4 23. Qxg5 Ra5 24. Qd2 Ng4 25.
Rf1 Rxf1+ 26. Rxf1 Ne3 27. Rf4 Rf5 28. Rxf5 Bxf5 29.
Bxb7 Qb6 30. Bf3 Qg6 31. Qa5 Bxd3 32. Qa8+ Kh7 33. Qxa4 Be4 34. Be2 d3 35. Bd1 Qf6 0-1

[Event "Early-Titled-Tuesday-Blitz-October-03-2023"]
[Site "Chess.com"]
[Date "2023.10.03"]
[Round "1"]
[White "Hikaru"]
[Black "becemix"]
[Result "1-0"]
[WhiteElo "3265"]
[BlackElo "2520"]
[TimeControl "180+1"]
[EndTime "8:06:35 PDT"]
[Termination "Hikaru won on time"]

1. Nf3 d5 2. c4 e6 3. b3 Nf6 4. Bb2 b6 5. cxd5 Qxd5 6. g3 Bb7 7. Bg2 Qd8 8. O-O Be7 9. Qc2 Nbd7 10. Nc3 O-O 11. d4 c5 12. dxc5 Bxc5 13. Rad1 Qe7 14. e4 Rac8 15. e5 Bxf3 16. Bxf3 Nxe5 17. Bg2 Nc6 18. Ne4 Nb4 19. Nxf6+ Qxf6 20. Qe2 Qf5 21. Be4 Qg5 22. a3 Nd5 23. b4 Bd6 24. Bxd5 exd5 25. Qf3 Rfd8 26. Rxd5 Qg6 27. Rfd1 h6 28. R5d4 Be7 29.
Rg4 Rxd1+ 30. Qxd1 Bg5 31. h4 Qc2 32. Qd4 Bf6 33.
Rxg7+ Kxg7 34. Qxf6+ Kf8 35. Qxh6+ Ke8 36. Qe3+ Kd7 37.
Qd4+ Ke7 38. Qf6+ Ke8 39. Qe5+ Kd7 40. h5 Qd1+ 41. Kg2 Qd6 42. Qxd6+ Kxd6 43. h6 Ke6 44. Bg7 1-0

[Event "Early-Titled-Tuesday-Blitz-October-03-2023"]
[Site "Chess.com"]
[Date "2023.10.03"]
[Round "1"]
[White "only_strong_moves"]
[Black "stratacticos"]
[Result "0-1"]
[WhiteElo "2506"]
[BlackElo "1758"]
[TimeControl "180+1"]
[EndTime "8:06:36 PDT"]
[Termination "stratacticos won by checkmate"]

1. d4 Nf6 2. Nc3 d5 3. Bf4 e6 4.
Nb5 Na6 5. e3 c6 6. Nc3 b5 7. Bd3 Bd6 8. Nf3 O-O 9. O-O Nb4 10.
Bxd6 Qxd6 11. a3 Nxd3 12. Qxd3 a5 13. e4 dxe4 14. Nxe4 Nxe4 15. Qxe4 Bb7 16. c3 Rad8 17.
Rad1 Qc7 18. Qe3 Rd5 19. Ne5 f6 20. Nd3 Rh5 21. Qxe6+ Kh8 22. f4 b4 23. axb4 axb4 24. Nxb4 c5 25. dxc5 Qxc5+ 26. Rd4 h6 27. Nd3 Qa7 28.
Qe7 Ra8 29. b4 Rd5 30. Nc5 Rxd4 31. cxd4 Bd5 32. Qxa7 Rxa7 33. b5 Ra2 34. Rb1 Rxg2+ 35. Kf1 Rxh2 36. Rb4 g5 37. fxg5 hxg5 38. b6 Kg7 39. b7 Bxb7 40. Rxb7+ Kg6 41. Rb6 g4 42. Ne4 Kf5 43. Nxf6 g3 44. Ne8 Rd2 45. Nd6+ Kf4 46. Nb5 g2+ 47. Kg1 Kf3 48. Rf6+ Kg3 49. Rg6+ Kf3 50.
Rg5 Rd1+ 51. Kh2 Rh1# 0-1

[Event "Early-Titled-Tuesday-Blitz-October-03-2023"]
[Site "Chess.com"]
[Date "2023.10.03"]
[Round "1"]
[White "vedantgoswami"]
[Black "SAInt_666"]
[Result "1-0"]
[WhiteElo "2391"]
[BlackElo "2664"]
[TimeControl "180+1"]
[EndTime "8:06:37 PDT"]
[Termination "vedantgoswami won by resignation"]

1. c3 d5 2. d4 Nf6 3. Nf3 e6 4. Bf4 c5 5. e3 Nc6 6. Nbd2 Be7 7. Bd3 Nh5 8. Bg3 Nxg3 9. hxg3 h6 10. Qe2 Qb6 11. O-O-O Bd7 12. Kb1 Rc8 13. g4 g6 14. Ka1 Qc7 15. g5 h5 16. g4 h4 17.
Nxh4 Bxg5 18. Nhf3 Bf6 19. Rxh8+ Bxh8 20. Rh1 Bg7 21.
dxc5 Ne5 22. Nxe5 Qxe5 23. Bb5 Rxc5 24. Bxd7+ Kxd7 25. Nf3 Qf6 26. g5 Qd8 27. Qd3 Ke7 28. Nd4 a6 29. f4 Rc4 30. Kb1 b5 31. a3 Qc7 32. Rh7 Bxd4 33. exd4 Ke8 34. Qe3 Qd6 35.
Rh8+ Kd7 36. Qe5 Qxe5 37. fxe5 a5 38. Rf8 Ke7 39. Rb8 b4 40. axb4 axb4 41. Rxb4 Rc8 42. Rb7+ Ke8 43. Kc2 Kf8 44. b4 Kg7 45. b5 Rh8 46. b6 1-0

[Event "Early-Titled-Tuesday-Blitz-October-03-2023"]
[Site "Chess.com"]
[Date "2023.10.03"]
[Round "1"]
[White "NMJeevanK"]
[Black "Yushko_Olga"]
[Result "1-0"]
[WhiteElo "2533"]
[BlackElo "2072"]
[TimeControl "180+1"]
[EndTime "8:06:37 PDT"]
[Termination "NMJeevanK won by checkmate"]

1. g3 e6 2. Bg2 f5 3. d4 Nf6 4. c4 Be7 5. Nc3 d6 6. Nf3 O-O 7. O-O Qe8 8. Re1 Ne4 9. Qc2 Qg6 10.
Nxe4 fxe4 11. Nh4 Bxh4 12. gxh4 d5 13. Be3 c6 14. Kh1 Nd7 15. Rg1 Qh5 16. f3 exf3 17. Bxf3 Qxh4 18. Rg3 Rf7 19. Bg5 Qxd4 20. cxd5 exd5 21.
Rag1 Ne5 22. Bf6 Rxf6 23. Rxg7+ Kf8 24. Qxh7 Rf7 25. Qh8+ Ke7 26. Rxf7+ Kxf7 27. Rg7+ Ke6 28. Qe8+ Kf6 29. Qe7+ Kf5 30. Qg5+ Ke6 31. Qe7+ Kf5 32.
Rg5+ Kf4 33. Qf6+ Ke3 34. Rxe5+ Kd2 35. Rxd5 Qxd5 36. Qc3+ Kd1 37. e4# 1-0

[Event "Early-Titled-Tuesday-Blitz-October-03-2023"]
[Site "Chess.com"]
[Date "2023.10.03"]
[Round "1"]
[White "Javylavilla"]
[Black "vladjianu"]
[Result "0-1"]
[WhiteElo "2349"]
[BlackElo "2656"]
[TimeControl "180+1"]
[EndTime "8:06:38 PDT"]
[Termination "vladjianu won by resignation"]

1. e4 c6 2. c4 d5 3. cxd5 cxd5 4.
exd5 Nf6 5. Qa4+ Nbd7 6. Nc3 g6 7. Nf3 Bg7 8. Bc4 a6 9. Qb3 O-O 10. O-O b5 11. Be2 Bb7 12. d6 e6 13. d4 Nb6 14.
Bf4 Nfd5 15. Be5 Nc8 16. Ne4 Ndb6 17. Nc5 Bd5 18. Qe3 Nxd6 19. Bxg7 Kxg7 20. Qe5+ Kg8 21. Rac1 Nbc4 22. Qf4 Nxb2 23. Qh6 Nf5 24. Qh3 Nc4 25.
Bxc4 Bxc4 26. Rfd1 Bxa2 27. Ne5 Bd5 28. Ncd7 Re8 29. Ng4 Kg7 30. Ndf6 Rh8 31. Nxd5 Qxd5 32. Rc5 Qd6 33. Rxf5 exf5 34. Qh6+ Kg8 35. Ne5 Rd8 36. h4 Qf8 37. Qg5 f6 38. Qg3 fxe5 39. Qxe5 Qg7 40.
Qe6+ Qf7 41. Qxa6 Kg7 0-1

[Event "Early-Titled-Tuesday-Blitz-October-03-2023"]
[Site "Chess.com"]
[Date "2023.10.03"]
[Round "1"]
[White "profedechess93"]
[Black "Vision_64"]
[Result "1-0"]
[WhiteElo "2653"]
[BlackElo "2357"]
[TimeControl "180+1"]
[EndTime "8:06:39 PDT"]
[Termination "profedechess93 won by resignation"]

1. e4 e6 2. d4 d5 3. Nc3 Nf6 4.
Bg5 h6 5. Bxf6 Qxf6 6. a3 dxe4 7. Nxe4 Qg6 8. Ng3 Nc6 9. Nf3 Bd7 10. Bd3 Qg4 11. h3 Qf4 12. Ne4 h5 13. Qe2 O-O-O 14.
Neg5 Be8 15. g3 Qf6 16. c3 Be7 17. h4 Nb8 18. O-O-O Bc6 19. Rhe1 Qh6 20. Kb1 Rhf8 21. Nh7 Rh8 22. Nhg5 Rhf8 23. Qe3 Ba4 24. Rc1 Bc6 25. Ne5 Rd6 26. Nexf7 Rxf7 27. Nxf7 Qxe3 28. Nxd6+ Bxd6 29. Rxe3 Kd7 30. c4 b6 31. Rce1 1-0

[Event "Early-Titled-Tuesday-Blitz-October-03-2023"]
[Site "Chess.com"]
[Date "2023.10.03"]
[Round "1"]
[White "BashirovKemal"]
[Black "emeli_chess"]
[Result "1-0"]
[WhiteElo "2654"]
[BlackElo "2358"]
[TimeControl "180+1"]
[EndTime "8:06:40 PDT"]
[Termination "BashirovKemal won on time"]

1. e4 e5 2. Nf3 Nc6 3. Bb5 a6 4. Ba4 Nf6 5. O-O Nxe4 6. d4 b5 7. Bb3 d5 8. dxe5 Be6 9. c3 Bc5 10. Qd3 O-O 11. Be3 Bxe3 12. Qxe3 Na5 13. Nbd2 Nxd2 14.
Nxd2 Nc4 15. Nxc4 dxc4 16. Bc2 Qh4 17. f4 Rad8 18. f5 Bd5 19. Rad1 Qg4 20. Rf2 Bxg2 21. Rxd8 Bd5+ 22. Qg3 Qxg3+ 23. hxg3 Rxd8 24. Rd2 c6 25. Kf2 Kf8 26. Ke3 Ke7 27. Rh2 h6 28.
Kd4 f6 29. exf6+ Kxf6 30. Kc5 Bf7 31. Kxc6 Rd5 32. Re2 Re5 33. Rd2 Be8+ 34. Kb6 1-0